[ AOE2 MATCH · #461701201 ]
UnrankedFranks vs None
Player's team · LOSS
Rival team · WIN
[ REPLAY ANALYSIS · EXTRACTED FROM THE RECORDED GAME ]
Feudal
6:16
Castle
10:54
Imperial
26:32
| APM avg | 26.2 |
| APM peak | 94 |
| eAPM avg | 18.4 |
| Villagers / military | 149 / 681 |
Focus
⚔️ 56.1% · 🌾 43.9%
Spearman ×326 · Militia ×143 · Hand Cannoneer ×93 · Skirmisher ×62 · Throwing Axeman ×18 · Mangonel ×17
Feudal
2:16
Castle
5:05
Imperial
23:57
| APM avg | 71.8 |
| APM peak | 244 |
| eAPM avg | 58.9 |
| Villagers / military | 252 / 2655 |
Focus
⚔️ 69.5% · 🌾 30.5%
Spearman ×2460 · Unknown (2384) ×184 · Mangonel ×82 · Bombard Cannon ×79 · Trade Cart ×49 · Unknown (2382) ×16
Feudal
7:11
Castle
19:24
Imperial
31:16
| APM avg | 27.2 |
| APM peak | 98 |
| eAPM avg | 14.6 |
| Villagers / military | 119 / 565 |
Focus
⚔️ 39.3% · 🌾 60.7%
Woad Raider ×308 · Knight ×155 · Scout Cavalry ×65 · Trade Cart ×35 · Mangonel ×22 · Battering Ram ×15
Feudal
2:15
Castle
13:08
Imperial
18:05
| APM avg | 31.8 |
| APM peak | 284 |
| eAPM avg | 25.6 |
| Villagers / military | 161 / 416 |
Focus
⚔️ 24.4% · 🌾 75.6%
Boyar ×239 · Spearman ×152 · Knight ×13 · Battering Ram ×5 · Monk ×4 · Mangonel ×2
Feudal
3:19
Castle
11:44
Imperial
21:19
| APM avg | 8.0 |
| APM peak | 64 |
| eAPM avg | 5.7 |
| Villagers / military | 36 / 303 |
Focus
⚔️ 78.4% · 🌾 21.6%
Spearman ×154 · Tarkan ×139 · Mangonel ×9 · Monk ×1
Feudal
—
Castle
—
Imperial
—
| APM avg | 11.9 |
| APM peak | 70 |
| eAPM avg | 10.3 |
| Villagers / military | 77 / 414 |
Focus
⚔️ 57.3% · 🌾 42.7%
Spearman ×193 · Knight ×121 · Throwing Axeman ×55 · Scout Cavalry ×14 · Bombard Cannon ×9 · Hand Cannoneer ×9
Feudal
5:02
Castle
12:25
Imperial
17:10
| APM avg | 16.9 |
| APM peak | 91 |
| eAPM avg | 14.6 |
| Villagers / military | 48 / 919 |
Focus
⚔️ 76.9% · 🌾 23.1%
Spearman ×498 · Skirmisher ×290 · Hussite Wagon ×66 · Trebuchet (Packed) ×34 · Bombard Cannon ×16 · Mangonel ×12
Match map
Initial resources + every placement click. Lines = walls · curves = elevation contours. ◆ gold · ⬟ stone · ● berries · ✦ relic · ◌ wall gap
Your base· Open — 4t gap
Alucard's base· Open — 4t gap
Montymatador's base· Open — 5t gap
heisenburguer_EM's base· Open — 4t gap
Rafo's base· Open — unwalled flank
OrangeBark26646's base· ✓ Closed at 11:47 · 57t walls · 4 gate(s)
La Comunidad Del Anillo's base· ✓ Closed at 12:25 · 13t walls · fragile
Smoothed initial terrain · ◌ = detected wall gap · hover for details
Inputs per minute
— Drake Bell - - Alucard
Build order — Drake Bell
First 150 of 1089 actions detected
| 1:22 | Build | House |
| 1:25 | Build | House |
| 1:28 | Build | House |
| 1:31 | Build | House |
| 1:44 | Build | House |
| 1:49 | Build | House |
| 1:51 | Build | House |
| 2:14 | Build | Lumber Camp |
| 2:21 | Create | Villager (Male) |
| 2:21 | Create | Villager (Male) |
| 2:21 | Create | Villager (Male) |
| 2:22 | Research | Loom |
| 2:25 | Create | Villager (Male) |
| 2:39 | Create | Villager (Male) |
| 2:40 | Create | Villager (Male) |
| 2:40 | Create | Villager (Male) |
| 3:03 | Build | Mill |
| 3:22 | Build | Farm |
| 3:25 | Build | Farm |
| 3:28 | Build | Farm |
| 3:34 | Build | Farm |
| 3:51 | Build | House |
| 3:53 | Build | House |
| 3:54 | Build | House |
| 3:57 | Build | House |
| 3:59 | Build | House |
| 4:43 | Research | Feudal Age |
| 4:47 | Create | Villager (Male) |
| 4:47 | Create | Villager (Male) |
| 4:48 | Create | Villager (Male) |
| 5:08 | Build | House |
| 5:10 | Build | House |
| 5:12 | Build | House |
| 5:16 | Build | House |
| 5:26 | Build | Mill |
| 5:44 | Build | Farm |
| 6:16 | Age | Feudal Age |
| 6:41 | Build | Market |
| 7:19 | Research | Wheelbarrow |
| 7:20 | Research | Town Watch |
| 7:23 | Create | Villager (Male) |
| 7:24 | Create | Villager (Male) |
| 7:24 | Create | Villager (Male) |
| 7:25 | Create | Villager (Male) |
| 7:46 | Build | Blacksmith |
| 8:04 | Build | Farm |
| 8:51 | Research | Castle Age |
| 9:15 | Build | House |
| 9:18 | Build | House |
| 9:19 | Build | House |
| 9:36 | Build | Farm |
| 9:38 | Build | Farm |
| 9:41 | Build | Farm |
| 10:00 | Research | Forging |
| 10:00 | Research | Fletching |
| 10:00 | Research | Padded Archer Armor |
| 10:01 | Research | Scale Mail Armor |
| 10:02 | Research | Scale Barding Armor |
| 10:27 | Build | Barracks |
| 10:31 | Build | Barracks |
| 10:54 | Age | Castle Age |
| 11:20 | Build | Farm |
| 11:21 | Build | Farm |
| 11:35 | Build | House |
| 11:41 | Build | House |
| 11:48 | Build | House |
| 11:54 | Build | House |
| 11:55 | Build | House |
| 11:56 | Build | House |
| 13:22 | Build | Gate |
| 13:35 | Build | Stone Wall |
| 13:39 | Build | Stone Wall |
| 13:43 | Build | Stone Wall |
| 13:46 | Build | Stone Wall |
| 14:31 | Build | Stone Wall |
| 14:40 | Build | Stone Wall |
| 14:47 | Build | Stone Wall |
| 14:53 | Build | Farm |
| 15:05 | Create | Militia |
| 15:06 | Research | Man-at-Arms (upgrade) |
| 15:06 | Research | Pikeman (upgrade) |
| 15:07 | Research | Gambesons |
| 15:07 | Research | Squires |
| 15:09 | Create | Militia |
| 15:12 | Create | Militia |
| 15:12 | Create | Militia |
| 15:13 | Create | Militia |
| 15:13 | Create | Militia |
| 15:15 | Create | Militia |
| 15:16 | Create | Militia |
| 16:59 | Build | Stone Wall |
| 17:16 | Build | Town Center |
| 17:21 | Build | Farm |
| 17:56 | Build | University |
| 18:23 | Build | Monastery |
| 18:45 | Create | Spearman |
| 18:46 | Create | Spearman |
| 18:46 | Create | Spearman |
| 19:10 | Build | Barracks |
| 20:20 | Build | Mining Camp |
| 20:35 | Build | Mining Camp |
| 20:52 | Create | Villager (Male) |
| 20:52 | Create | Villager (Male) |
| 20:53 | Research | Hand Cart |
| 21:00 | Create | Villager (Male) |
| 21:01 | Create | Villager (Male) |
| 21:01 | Create | Villager (Male) |
| 21:12 | Create | Villager (Male) |
| 21:13 | Create | Villager (Male) |
| 21:13 | Create | Villager (Male) |
| 21:13 | Create | Villager (Male) |
| 21:14 | Create | Villager (Male) |
| 21:14 | Create | Villager (Male) |
| 21:16 | Create | Villager (Male) |
| 21:39 | Create | Monk |
| 22:00 | Build | Lumber Camp |
| 22:30 | Build | Barracks |
| 22:34 | Research | Long Swordsman (upgrade) |
| 22:54 | Create | Villager (Male) |
| 22:55 | Create | Villager (Male) |
| 23:16 | Research | Gold Mining |
| 23:16 | Research | Stone Mining |
| 23:41 | Research | Masonry |
| 23:43 | Research | Careening |
| 23:44 | Research | Murder Holes |
| 23:45 | Research | Tech 908 |
| 23:46 | Research | Fortified Wall (upgrade) |
| 24:29 | Build | Mining Camp |
| 25:16 | Research | Imperial Age |
| 25:37 | Research | Town Patrol |
| 25:41 | Create | Villager (Male) |
| 25:43 | Create | Villager (Male) |
| 25:52 | Create | Villager (Male) |
| 25:53 | Create | Villager (Male) |
| 25:53 | Create | Villager (Male) |
| 25:54 | Create | Villager (Male) |
| 25:56 | Create | Villager (Male) |
| 25:58 | Create | Villager (Male) |
| 26:32 | Age | Imperial Age |
| 27:38 | Build | Gate |
| 27:55 | Build | Stone Wall |
| 28:29 | Build | Lumber Camp |
| 28:37 | Research | Double-Bit Axe |
| 28:37 | Research | Double-Bit Axe |
| 28:41 | Research | Gold Shaft Mining |
| 29:04 | Research | Architecture |
| 29:05 | Research | Siege Engineers |
| 29:06 | Research | Dry Dock |
| 29:06 | Research | Tech 907 |
| 29:09 | Research | Tech 909 |
Build order — Alucard
First 150 of 3736 actions detected
| 0:11 | Build | Mill |
| 0:13 | Create | Villager (Male) |
| 0:14 | Create | Villager (Male) |
| 0:14 | Create | Villager (Male) |
| 0:14 | Create | Villager (Male) |
| 0:15 | Create | Villager (Male) |
| 0:15 | Create | Villager (Male) |
| 0:15 | Create | Villager (Male) |
| 0:15 | Create | Villager (Male) |
| 0:16 | Create | Villager (Male) |
| 0:16 | Create | Villager (Male) |
| 0:28 | Build | Lumber Camp |
| 1:24 | Research | Feudal Age |
| 1:39 | Build | House |
| 1:40 | Build | House |
| 2:12 | Build | House |
| 2:13 | Build | House |
| 2:15 | Build | House |
| 2:16 | Age | Feudal Age |
| 2:21 | Research | Horse Collar |
| 2:25 | Create | Villager (Male) |
| 2:25 | Create | Villager (Male) |
| 2:34 | Build | Blacksmith |
| 2:38 | Build | Market |
| 2:50 | Build | House |
| 2:52 | Build | House |
| 2:53 | Build | House |
| 2:54 | Build | House |
| 3:12 | Build | House |
| 3:15 | Create | Villager (Male) |
| 3:15 | Create | Villager (Male) |
| 3:16 | Create | Villager (Male) |
| 3:55 | Build | Barracks |
| 4:01 | Research | Castle Age |
| 4:29 | Build | Farm |
| 4:29 | Build | Farm |
| 4:29 | Build | Farm |
| 4:30 | Build | Farm |
| 4:31 | Build | Farm |
| 4:51 | Create | Spearman |
| 4:51 | Create | Spearman |
| 4:52 | Create | Spearman |
| 5:02 | Build | Stone Wall |
| 5:04 | Build | Gate |
| 5:05 | Age | Castle Age |
| 5:34 | Build | University |
| 5:41 | Build | Stone Wall |
| 5:44 | Build | Gate |
| 5:51 | Create | Unit 2384 |
| 5:51 | Create | Unit 2384 |
| 6:00 | Create | Villager (Male) |
| 6:01 | Create | Villager (Male) |
| 6:01 | Create | Villager (Male) |
| 6:21 | Build | Stone Wall |
| 6:38 | Build | Castle |
| 6:45 | Create | Unit 2384 |
| 6:45 | Create | Unit 2384 |
| 7:00 | Build | House |
| 7:00 | Build | House |
| 7:00 | Build | House |
| 7:01 | Build | House |
| 7:10 | Create | Villager (Male) |
| 7:11 | Create | Villager (Male) |
| 7:11 | Create | Villager (Male) |
| 7:31 | Research | Double-Bit Axe |
| 7:33 | Create | Villager (Male) |
| 7:34 | Create | Villager (Male) |
| 7:42 | Research | Forging |
| 7:59 | Build | Stone Wall |
| 8:03 | Build | Palisade Gate |
| 8:16 | Build | Stone Wall |
| 8:21 | Build | Palisade Wall |
| 8:23 | Build | Palisade Wall |
| 8:27 | Build | Palisade Gate |
| 8:46 | Research | Bow Saw |
| 8:51 | Research | Heavy Plow |
| 8:53 | Create | Villager (Male) |
| 8:53 | Create | Villager (Male) |
| 9:09 | Build | Town Center |
| 9:36 | Build | Monastery |
| 9:49 | Research | Fortified Wall (upgrade) |
| 10:05 | Create | Monk |
| 10:12 | Create | Villager (Male) |
| 10:13 | Create | Villager (Male) |
| 10:13 | Create | Villager (Male) |
| 10:16 | Research | Wheelbarrow |
| 10:40 | Create | Villager (Male) |
| 10:41 | Create | Villager (Male) |
| 10:56 | Build | Mill |
| 10:59 | Build | Farm |
| 10:59 | Build | Farm |
| 11:00 | Build | Farm |
| 11:00 | Build | Farm |
| 11:01 | Build | Farm |
| 11:04 | Create | Villager (Male) |
| 11:04 | Create | Villager (Male) |
| 11:27 | Research | Masonry |
| 11:45 | Create | Monk |
| 12:25 | Build | House |
| 12:25 | Build | House |
| 12:26 | Build | House |
| 12:30 | Build | House |
| 12:31 | Build | House |
| 12:32 | Build | House |
| 12:34 | Build | House |
| 13:08 | Research | Scale Mail Armor |
| 13:29 | Research | Hand Cart |
| 13:31 | Create | Villager (Male) |
| 13:31 | Create | Villager (Male) |
| 13:34 | Create | Villager (Male) |
| 13:34 | Create | Villager (Male) |
| 13:35 | Create | Villager (Male) |
| 13:35 | Create | Villager (Male) |
| 13:44 | Build | Farm |
| 13:52 | Build | Farm |
| 14:07 | Build | Barracks |
| 14:08 | Build | Barracks |
| 14:09 | Build | Barracks |
| 14:13 | Build | Barracks |
| 14:14 | Build | Barracks |
| 14:21 | Build | Stone Wall |
| 14:30 | Build | Palisade Wall |
| 15:08 | Research | Squires |
| 15:09 | Research | Arson |
| 15:30 | Create | Villager (Male) |
| 15:30 | Create | Villager (Male) |
| 15:30 | Create | Villager (Male) |
| 15:31 | Create | Villager (Male) |
| 15:31 | Create | Villager (Male) |
| 15:32 | Create | Villager (Male) |
| 15:32 | Create | Villager (Male) |
| 15:32 | Create | Villager (Male) |
| 15:33 | Create | Villager (Male) |
| 15:33 | Create | Villager (Male) |
| 15:33 | Create | Villager (Male) |
| 15:33 | Create | Villager (Male) |
| 15:34 | Create | Villager (Male) |
| 15:34 | Create | Villager (Male) |
| 15:34 | Create | Villager (Male) |
| 15:34 | Create | Villager (Male) |
| 15:34 | Create | Villager (Male) |
| 15:34 | Create | Villager (Male) |
| 15:35 | Create | Villager (Male) |
| 16:04 | Create | Spearman |
| 16:04 | Create | Unit 2384 |
| 16:04 | Create | Unit 2384 |
| 16:05 | Create | Spearman |
| 16:05 | Create | Unit 2384 |
| 16:05 | Create | Spearman |
| 16:05 | Create | Unit 2384 |
Build order — Montymatador
First 150 of 379 actions detected
| 0:32 | Build | Mill |
| 2:09 | Create | Villager (Male) ×5 |
| 2:17 | Build | House |
| 2:19 | Build | House |
| 4:51 | Build | Mining Camp |
| 5:00 | Build | Lumber Camp |
| 5:14 | Build | House |
| 5:17 | Build | House |
| 5:34 | Build | Farm |
| 5:37 | Build | Farm |
| 5:40 | Build | Farm |
| 5:41 | Build | Farm |
| 5:46 | Build | Farm |
| 5:49 | Build | Farm |
| 5:54 | Build | Farm |
| 6:19 | Research | Feudal Age |
| 7:11 | Age | Feudal Age |
| 7:19 | Research | Double-Bit Axe |
| 8:27 | Research | Loom |
| 8:43 | Research | Wheelbarrow |
| 8:48 | Research | Town Watch |
| 10:04 | Research | Gold Mining |
| 10:36 | Build | House |
| 11:32 | Build | Lumber Camp |
| 13:15 | Build | Farm |
| 14:34 | Build | Lumber Camp |
| 17:12 | Create | Villager (Male) ×5 |
| 17:13 | Create | Villager (Male) ×5 |
| 17:13 | Create | Villager (Male) ×5 |
| 17:41 | Build | Blacksmith |
| 17:45 | Build | Market |
| 18:20 | Research | Castle Age |
| 18:22 | Create | Villager (Male) ×5 |
| 18:32 | Build | Barracks |
| 18:34 | Build | Barracks |
| 18:36 | Build | Barracks |
| 18:42 | Build | Barracks |
| 18:46 | Build | House |
| 18:47 | Build | House |
| 18:50 | Build | House |
| 18:55 | Build | House |
| 19:04 | Build | House |
| 19:06 | Build | House |
| 19:14 | Build | Gate |
| 19:24 | Age | Castle Age |
| 19:40 | Build | Farm |
| 19:40 | Build | Farm |
| 19:41 | Build | Farm |
| 19:45 | Build | Farm |
| 20:04 | Build | Farm |
| 20:04 | Build | Farm |
| 20:20 | Build | Farm |
| 21:10 | Build | Farm |
| 21:16 | Build | Farm |
| 21:35 | Build | Farm |
| 21:35 | Build | Farm |
| 21:38 | Research | Hand Cart |
| 22:07 | Build | University |
| 23:29 | Create | Villager (Male) ×5 |
| 23:30 | Create | Villager (Male) ×5 |
| 24:18 | Build | Castle |
| 24:33 | Build | Farm |
| 25:03 | Build | Farm |
| 25:34 | Research | Treadmill Crane |
| 25:34 | Research | Ballistics |
| 25:41 | Research | Masonry |
| 25:46 | Research | Fortified Wall (upgrade) |
| 26:09 | Build | Mining Camp |
| 27:05 | Build | Farm |
| 27:08 | Build | Farm |
| 28:06 | Build | Stone Wall |
| 28:08 | Build | Gate |
| 28:12 | Build | House |
| 28:13 | Build | House |
| 28:17 | Build | House |
| 28:19 | Build | House |
| 29:30 | Build | Town Center |
| 29:38 | Build | Gate |
| 29:53 | Research | Murder Holes |
| 30:00 | Research | Imperial Age |
| 30:01 | Create | Villager (Male) ×5 |
| 30:03 | Create | Villager (Male) ×5 |
| 30:11 | Create | Woad Raider ×5 |
| 30:11 | Create | Woad Raider ×5 |
| 30:12 | Create | Woad Raider ×5 |
| 30:12 | Create | Woad Raider ×5 |
| 30:44 | Research | Forging |
| 30:44 | Research | Scale Mail Armor |
| 30:47 | Research | Scale Barding Armor |
| 31:16 | Age | Imperial Age |
| 31:26 | Build | Siege Workshop |
| 31:32 | Build | Siege Workshop |
| 31:46 | Create | Villager (Male) ×5 |
| 31:46 | Create | Villager (Male) ×5 |
| 31:47 | Create | Villager (Male) ×5 |
| 32:44 | Build | Lumber Camp |
| 33:00 | Create | Villager (Male) ×5 |
| 33:01 | Create | Villager (Male) ×5 |
| 33:02 | Create | Villager (Male) ×2 |
| 33:02 | Create | Villager (Male) ×2 |
| 33:25 | Research | Elite Woad Raider (upgrade) |
| 33:26 | Create | Woad Raider ×5 |
| 33:26 | Create | Woad Raider ×5 |
| 33:27 | Create | Woad Raider ×5 |
| 33:27 | Create | Woad Raider ×4 |
| 35:07 | Research | Bow Saw |
| 35:34 | Build | Stone Wall |
| 35:35 | Build | Gate |
| 35:43 | Build | Siege Workshop |
| 35:47 | Build | Siege Workshop |
| 35:54 | Research | Capped Ram (upgrade) |
| 35:56 | Research | Onager (upgrade) |
| 36:29 | Build | Town Center |
| 37:11 | Build | Farm |
| 37:14 | Build | Farm |
| 37:18 | Build | Farm |
| 37:23 | Build | Farm |
| 37:43 | Build | Farm |
| 37:46 | Build | Farm |
| 38:36 | Research | Siege Ram (upgrade) |
| 38:37 | Research | Siege Onager (upgrade) |
| 38:46 | Create | Battering Ram ×5 |
| 38:47 | Create | Battering Ram ×5 |
| 38:49 | Create | Battering Ram ×5 |
| 38:57 | Create | Woad Raider ×5 |
| 38:57 | Create | Woad Raider ×5 |
| 38:58 | Create | Woad Raider ×5 |
| 38:58 | Create | Woad Raider ×5 |
| 39:58 | Build | Castle |
| 40:11 | Build | House |
| 40:12 | Build | House |
| 40:13 | Build | House |
| 40:15 | Build | House |
| 40:16 | Build | House |
| 40:19 | Build | House |
| 40:20 | Build | House |
| 40:22 | Build | House |
| 40:23 | Build | House |
| 40:25 | Build | House |
| 40:26 | Build | House |
| 40:48 | Build | Mining Camp |
| 41:16 | Research | Conscription |
| 41:37 | Research | Furor Celtica |
| 41:41 | Research | Stronghold |
| 42:56 | Create | Woad Raider ×5 |
| 42:56 | Create | Woad Raider ×5 |
| 42:56 | Create | Woad Raider ×5 |
| 42:57 | Create | Woad Raider ×5 |
| 42:57 | Create | Woad Raider ×5 |
| 42:57 | Create | Woad Raider ×5 |
Build order — heisenburguer_EM
First 150 of 806 actions detected
| 0:26 | Build | Mill |
| 0:51 | Build | Mining Camp |
| 1:23 | Research | Feudal Age |
| 1:51 | Create | Villager (Male) |
| 1:52 | Create | Villager (Male) |
| 2:15 | Age | Feudal Age |
| 2:58 | Research | Wheelbarrow |
| 3:06 | Create | Villager (Male) |
| 3:31 | Create | Villager (Male) |
| 4:07 | Create | Villager (Male) |
| 4:08 | Create | Villager (Male) |
| 4:43 | Build | Mining Camp |
| 4:54 | Build | Farm |
| 5:23 | Build | Lumber Camp |
| 5:27 | Build | Lumber Camp |
| 6:02 | Build | Barracks |
| 6:06 | Build | Barracks |
| 6:11 | Build | Barracks |
| 6:19 | Create | Villager (Male) |
| 6:19 | Create | Villager (Male) |
| 6:20 | Create | Villager (Male) |
| 6:20 | Create | Villager (Male) |
| 6:47 | Research | Double-Bit Axe |
| 6:57 | Build | Farm |
| 7:02 | Create | Villager (Male) |
| 7:03 | Create | Villager (Male) |
| 7:03 | Create | Villager (Male) |
| 7:21 | Build | Barracks |
| 7:40 | Research | Gold Mining |
| 7:47 | Build | Farm |
| 7:57 | Build | Farm |
| 8:05 | Create | Villager (Male) |
| 8:06 | Create | Villager (Male) |
| 8:10 | Build | Farm |
| 8:27 | Build | Farm |
| 8:29 | Build | Farm |
| 8:31 | Build | Farm |
| 9:16 | Research | Horse Collar |
| 9:55 | Build | Archery Range |
| 9:59 | Build | Archery Range |
| 10:08 | Build | Archery Range |
| 10:12 | Build | Archery Range |
| 10:25 | Create | Villager (Male) |
| 10:25 | Create | Villager (Male) |
| 10:25 | Create | Villager (Male) |
| 10:26 | Create | Villager (Male) |
| 10:26 | Create | Villager (Male) |
| 10:38 | Build | Archery Range |
| 11:13 | Build | Blacksmith |
| 11:52 | Research | Castle Age |
| 12:58 | Create | Villager (Male) |
| 12:58 | Create | Villager (Male) |
| 12:59 | Create | Villager (Male) |
| 12:59 | Create | Villager (Male) |
| 12:59 | Create | Villager (Male) |
| 12:59 | Create | Villager (Male) |
| 13:00 | Create | Villager (Male) |
| 13:08 | Age | Castle Age |
| 13:12 | Research | Hand Cart |
| 13:21 | Build | Town Center |
| 13:41 | Research | Stone Mining |
| 14:03 | Create | Villager (Male) |
| 14:04 | Create | Villager (Male) |
| 14:04 | Create | Villager (Male) |
| 14:04 | Create | Villager (Male) |
| 14:04 | Create | Villager (Male) |
| 14:05 | Create | Villager (Male) |
| 14:05 | Create | Villager (Male) |
| 14:05 | Create | Villager (Male) |
| 14:05 | Create | Villager (Male) |
| 14:06 | Create | Villager (Male) |
| 14:06 | Create | Villager (Male) |
| 14:06 | Create | Villager (Male) |
| 14:06 | Create | Villager (Male) |
| 14:27 | Build | Town Center |
| 15:03 | Build | Monastery |
| 15:13 | Build | University |
| 15:22 | Create | Villager (Male) |
| 15:23 | Create | Villager (Male) |
| 15:23 | Create | Villager (Male) |
| 15:26 | Create | Villager (Male) |
| 15:26 | Create | Villager (Male) |
| 15:27 | Create | Villager (Male) |
| 15:27 | Create | Villager (Male) |
| 15:30 | Create | Monk |
| 15:52 | Research | Bow Saw |
| 15:57 | Research | Heavy Plow |
| 16:03 | Research | Imperial Age |
| 16:09 | Create | Villager (Male) |
| 16:09 | Create | Villager (Male) |
| 16:09 | Create | Villager (Male) |
| 16:09 | Create | Villager (Male) |
| 16:10 | Create | Villager (Male) |
| 16:10 | Create | Villager (Male) |
| 16:10 | Create | Villager (Male) |
| 16:10 | Create | Villager (Male) |
| 16:11 | Create | Villager (Male) |
| 16:11 | Create | Villager (Male) |
| 16:11 | Create | Villager (Male) |
| 16:21 | Research | Gold Shaft Mining |
| 16:52 | Create | Spearman |
| 16:53 | Create | Spearman |
| 16:53 | Create | Spearman |
| 16:53 | Create | Spearman |
| 16:53 | Create | Spearman |
| 16:54 | Create | Spearman |
| 16:54 | Research | Pikeman (upgrade) |
| 16:55 | Research | Squires |
| 16:56 | Create | Spearman |
| 16:56 | Create | Spearman |
| 16:56 | Create | Spearman |
| 16:57 | Create | Spearman |
| 17:34 | Build | Castle |
| 17:41 | Build | Castle |
| 17:48 | Build | Castle |
| 18:03 | Create | Villager (Male) |
| 18:03 | Create | Villager (Male) |
| 18:04 | Create | Villager (Male) |
| 18:05 | Age | Imperial Age |
| 18:26 | Build | Farm |
| 18:57 | Build | Lumber Camp |
| 19:06 | Build | Farm |
| 19:07 | Build | Farm |
| 19:20 | Build | Mining Camp |
| 19:28 | Build | Farm |
| 19:55 | Research | Crop Rotation |
| 19:57 | Research | Two-Man Saw |
| 20:01 | Research | Scale Barding Armor |
| 20:02 | Research | Scale Mail Armor |
| 20:03 | Research | Forging |
| 20:12 | Build | Farm |
| 20:35 | Build | Farm |
| 21:02 | Build | Farm |
| 21:12 | Build | Mill |
| 21:32 | Build | Farm |
| 21:37 | Build | Farm |
| 21:43 | Build | Farm |
| 21:48 | Build | Farm |
| 21:52 | Build | Farm |
| 22:12 | Build | Farm |
| 23:49 | Build | Lumber Camp |
| 24:03 | Build | Farm |
| 24:05 | Build | Farm |
| 24:07 | Build | Farm |
| 24:09 | Build | Farm |
| 24:10 | Build | Farm |
| 24:13 | Build | Farm |
| 24:18 | Build | Farm |
| 24:20 | Build | Farm |
| 24:27 | Build | Farm |
Build order — Rafo
First 150 of 457 actions detected
| 0:34 | Build | Mill |
| 1:45 | Build | Barracks |
| 2:27 | Research | Feudal Age |
| 2:46 | Build | Mining Camp |
| 3:19 | Age | Feudal Age |
| 3:26 | Create | Villager (Male) |
| 3:27 | Create | Villager (Male) |
| 3:27 | Create | Villager (Male) |
| 3:27 | Create | Villager (Male) |
| 3:28 | Create | Villager (Male) |
| 3:45 | Research | Gold Mining |
| 3:58 | Create | Spearman |
| 3:59 | Create | Spearman |
| 3:59 | Create | Spearman |
| 5:43 | Build | Blacksmith |
| 5:59 | Research | Wheelbarrow |
| 6:01 | Research | Loom |
| 6:04 | Create | Villager (Male) |
| 6:05 | Create | Villager (Male) |
| 6:05 | Create | Villager (Male) |
| 6:05 | Create | Villager (Male) |
| 6:34 | Build | Lumber Camp |
| 7:23 | Build | Farm |
| 7:24 | Build | Farm |
| 7:25 | Build | Farm |
| 7:26 | Build | Farm |
| 7:34 | Research | Horse Collar |
| 7:48 | Create | Villager (Male) |
| 7:48 | Create | Villager (Male) |
| 7:48 | Create | Villager (Male) |
| 7:49 | Create | Villager (Male) |
| 7:49 | Create | Villager (Male) |
| 8:07 | Research | Double-Bit Axe |
| 8:35 | Build | Stable |
| 9:34 | Build | Archery Range |
| 10:24 | Build | Farm |
| 10:25 | Build | Farm |
| 10:40 | Research | Castle Age |
| 11:14 | Build | Farm |
| 11:15 | Build | Farm |
| 11:44 | Age | Castle Age |
| 11:49 | Research | Heavy Plow |
| 11:54 | Research | Bow Saw |
| 12:15 | Build | Monastery |
| 12:47 | Create | Monk |
| 13:26 | Research | Hand Cart |
| 13:28 | Create | Villager (Male) |
| 13:29 | Create | Villager (Male) |
| 13:29 | Create | Villager (Male) |
| 13:29 | Create | Villager (Male) |
| 13:30 | Create | Villager (Male) |
| 14:05 | Research | Pikeman (upgrade) |
| 14:31 | Research | Gold Shaft Mining |
| 14:34 | Research | Stone Mining |
| 15:03 | Build | Castle |
| 16:18 | Create | Villager (Male) |
| 16:19 | Create | Villager (Male) |
| 16:19 | Create | Villager (Male) |
| 16:57 | Build | Mining Camp |
| 17:35 | Research | Squires |
| 17:40 | Research | Forging |
| 17:41 | Research | Scale Mail Armor |
| 17:53 | Research | Scale Barding Armor |
| 18:41 | Research | Marauders |
| 20:03 | Research | Imperial Age |
| 21:11 | Create | Villager (Male) |
| 21:12 | Create | Villager (Male) |
| 21:12 | Create | Villager (Male) |
| 21:12 | Create | Villager (Male) |
| 21:13 | Create | Villager (Male) |
| 21:19 | Age | Imperial Age |
| 21:42 | Research | Two-Man Saw |
| 21:51 | Research | Iron Casting |
| 21:52 | Research | Chain Mail Armor |
| 21:54 | Research | Chain Barding Armor |
| 21:55 | Research | Padded Archer Armor |
| 21:56 | Research | Fletching |
| 22:08 | Research | Halberdier (upgrade) |
| 23:13 | Build | Farm |
| 23:14 | Build | Farm |
| 23:15 | Build | Farm |
| 23:16 | Build | Farm |
| 23:18 | Build | Farm |
| 23:20 | Build | Farm |
| 23:53 | Build | University |
| 24:16 | Research | Blast Furnace |
| 24:18 | Research | Bodkin Arrow |
| 24:20 | Research | Leather Archer Armor |
| 24:21 | Research | Plate Barding Armor |
| 24:30 | Research | Light Cavalry (upgrade) |
| 24:34 | Research | Bloodlines |
| 24:37 | Research | Husbandry |
| 24:51 | Research | Parthian Tactics |
| 24:57 | Research | Elite Skirmisher (upgrade) |
| 25:13 | Research | Masonry |
| 25:22 | Research | Murder Holes |
| 25:34 | Research | Ballistics |
| 25:42 | Research | Chemistry |
| 26:18 | Build | Stone Wall |
| 26:44 | Build | Mining Camp |
| 28:37 | Build | Town Center |
| 29:44 | Build | Stone Wall |
| 29:46 | Build | Stone Wall |
| 29:47 | Build | Stone Wall |
| 29:55 | Build | Stone Wall |
| 30:22 | Create | Villager (Male) |
| 30:23 | Create | Villager (Male) |
| 30:23 | Create | Villager (Male) |
| 30:23 | Create | Villager (Male) |
| 30:24 | Create | Villager (Male) |
| 30:24 | Create | Villager (Male) |
| 30:24 | Create | Villager (Male) |
| 30:25 | Create | Villager (Male) |
| 30:25 | Create | Villager (Male) |
| 30:46 | Research | Tech 2 |
| 30:51 | Research | Sappers |
| 30:58 | Research | Conscription |
| 31:02 | Research | Atheism |
| 33:04 | Build | Gate |
| 33:33 | Build | Siege Workshop |
| 33:37 | Build | Siege Workshop |
| 33:41 | Build | Siege Workshop |
| 33:43 | Build | Siege Workshop |
| 33:47 | Build | Siege Workshop |
| 34:55 | Build | Market |
| 35:24 | Build | Watch Tower |
| 35:34 | Research | Town Watch |
| 36:09 | Research | Town Patrol |
| 37:41 | Build | Mining Camp |
| 38:58 | Build | Lumber Camp |
| 39:40 | Build | Barracks |
| 39:46 | Build | Barracks |
| 39:48 | Build | Barracks |
| 39:52 | Build | Barracks |
| 40:43 | Build | Mining Camp |
| 41:08 | Create | Spearman |
| 41:08 | Create | Spearman |
| 41:09 | Create | Spearman |
| 41:10 | Create | Spearman |
| 41:10 | Create | Spearman |
| 41:11 | Create | Spearman |
| 41:11 | Create | Spearman |
| 41:11 | Create | Spearman |
| 41:12 | Create | Spearman |
| 41:12 | Create | Spearman |
| 41:12 | Create | Spearman |
| 41:13 | Create | Spearman |
| 41:13 | Create | Spearman |
| 41:13 | Create | Spearman |
| 41:14 | Create | Spearman |
Build order — OrangeBark26646
First 150 of 639 actions detected
| 0:10 | Build | House |
| 0:16 | Create | Villager (Male) |
| 0:17 | Create | Villager (Male) |
| 0:17 | Create | Villager (Male) |
| 0:17 | Create | Villager (Male) |
| 0:20 | Create | Villager (Male) |
| 0:21 | Create | Villager (Male) |
| 0:31 | Build | Lumber Camp |
| 0:43 | Create | Villager (Male) |
| 0:43 | Create | Villager (Male) |
| 0:50 | Create | Villager (Male) |
| 0:51 | Create | Villager (Male) |
| 1:36 | Create | Villager (Male) |
| 1:36 | Create | Villager (Male) |
| 1:37 | Create | Villager (Male) |
| 1:43 | Create | Villager (Male) |
| 1:47 | Create | Villager (Male) |
| 1:48 | Create | Villager (Male) |
| 2:35 | Build | Mill |
| 2:38 | Create | Villager (Male) |
| 2:38 | Create | Villager (Male) |
| 2:40 | Create | Villager (Male) |
| 2:52 | Create | Villager (Male) |
| 2:53 | Create | Villager (Male) |
| 3:38 | Create | Villager (Male) |
| 3:41 | Research | Feudal Age |
| 4:24 | Build | Palisade Wall |
| 4:39 | Create | Villager (Male) |
| 4:50 | Create | Villager (Male) |
| 5:15 | Create | Villager (Male) |
| 5:15 | Create | Villager (Male) |
| 5:17 | Create | Villager (Male) |
| 5:26 | Build | House |
| 5:26 | Build | House |
| 5:28 | Build | House |
| 5:46 | Build | Stone Wall |
| 6:03 | Build | Gate |
| 6:13 | Build | Farm |
| 6:14 | Build | Farm |
| 6:15 | Build | Farm |
| 6:17 | Build | Farm |
| 6:18 | Build | Farm |
| 6:20 | Build | Farm |
| 6:22 | Build | Farm |
| 6:24 | Build | Farm |
| 6:30 | Build | Mining Camp |
| 6:46 | Create | Villager (Male) |
| 6:47 | Create | Villager (Male) |
| 6:47 | Create | Villager (Male) |
| 6:48 | Create | Villager (Male) |
| 7:01 | Build | Market |
| 7:07 | Research | Gold Mining |
| 7:09 | Research | Double-Bit Axe |
| 7:32 | Build | Stone Wall |
| 7:35 | Build | Stone Wall |
| 7:41 | Build | Gate |
| 7:51 | Create | Villager (Male) |
| 8:07 | Build | Mining Camp |
| 8:12 | Create | Villager (Male) |
| 8:18 | Build | Farm |
| 8:34 | Build | Barracks |
| 8:42 | Create | Villager (Male) |
| 9:00 | Research | Stone Mining |
| 9:02 | Create | Villager (Male) |
| 9:07 | Build | Farm |
| 9:11 | Create | Villager (Male) |
| 9:22 | Build | Stone Wall |
| 9:28 | Build | Gate |
| 9:47 | Build | Barracks |
| 9:51 | Build | Barracks |
| 10:08 | Build | Blacksmith |
| 10:15 | Create | Spearman |
| 10:16 | Create | Spearman |
| 10:17 | Create | Spearman |
| 10:31 | Build | Stable |
| 10:33 | Build | Stable |
| 10:34 | Build | Stable |
| 10:44 | Create | Spearman |
| 10:50 | Build | Stone Wall |
| 10:57 | Build | Gate |
| 11:08 | Build | Farm |
| 11:11 | Build | Farm |
| 11:18 | Build | House |
| 11:19 | Build | House |
| 11:20 | Build | House |
| 11:21 | Build | House |
| 11:23 | Build | House |
| 11:24 | Build | House |
| 11:29 | Build | Stable |
| 11:45 | Research | Scale Barding Armor |
| 11:47 | Research | Castle Age |
| 12:18 | Research | Scale Mail Armor |
| 12:19 | Research | Forging |
| 12:59 | Create | Villager (Male) |
| 13:00 | Create | Villager (Male) |
| 13:00 | Create | Villager (Male) |
| 13:01 | Research | Wheelbarrow |
| 13:06 | Build | Town Center |
| 13:23 | Research | Bow Saw |
| 13:29 | Research | Chain Barding Armor |
| 13:32 | Create | Knight |
| 13:33 | Create | Knight |
| 13:33 | Create | Knight |
| 13:33 | Create | Knight |
| 13:34 | Create | Knight |
| 13:35 | Create | Knight |
| 13:35 | Create | Knight |
| 13:36 | Create | Knight |
| 13:36 | Create | Knight |
| 13:37 | Create | Knight |
| 13:46 | Build | Town Center |
| 13:54 | Create | Villager (Male) |
| 13:55 | Create | Villager (Male) |
| 13:55 | Research | Wheelbarrow |
| 14:04 | Create | Villager (Male) |
| 14:05 | Create | Villager (Male) |
| 14:11 | Create | Villager (Male) |
| 14:16 | Research | Iron Casting |
| 14:44 | Research | Husbandry |
| 14:48 | Research | Pikeman (upgrade) |
| 14:48 | Research | Squires |
| 14:53 | Create | Villager (Male) |
| 14:54 | Build | Farm |
| 14:56 | Create | Villager (Male) |
| 15:52 | Create | Villager (Male) |
| 15:53 | Create | Villager (Male) |
| 15:55 | Create | Villager (Male) |
| 16:11 | Build | Castle |
| 16:15 | Create | Villager (Male) |
| 16:15 | Create | Villager (Male) |
| 16:18 | Research | Hand Cart |
| 16:23 | Create | Villager (Male) |
| 16:24 | Create | Villager (Male) |
| 16:28 | Create | Villager (Male) |
| 16:44 | Create | Knight |
| 16:45 | Create | Knight |
| 16:45 | Create | Knight |
| 16:46 | Create | Knight |
| 16:48 | Create | Knight |
| 17:02 | Build | Castle |
| 17:08 | Create | Villager (Male) |
| 17:08 | Create | Villager (Male) |
| 17:19 | Research | Chain Mail Armor |
| 17:24 | Create | Villager (Male) |
| 17:25 | Create | Villager (Male) |
| 17:26 | Create | Villager (Male) |
| 17:36 | Create | Villager (Male) |
| 17:37 | Create | Villager (Male) |
| 17:38 | Create | Villager (Male) |
| 18:06 | Build | Castle |
Build order — La Comunidad Del Anillo
First 150 of 1110 actions detected
| 0:37 | Create | Villager (Male) |
| 0:37 | Create | Villager (Male) |
| 0:38 | Create | Villager (Male) |
| 1:25 | Create | Villager (Male) |
| 1:43 | Build | Lumber Camp |
| 1:53 | Create | Villager (Male) |
| 1:53 | Create | Villager (Male) |
| 2:05 | Build | Mining Camp |
| 2:14 | Create | Villager (Male) |
| 2:35 | Build | Mill |
| 3:08 | Build | House |
| 3:09 | Build | House |
| 3:10 | Build | House |
| 3:27 | Research | Feudal Age |
| 3:44 | Build | House |
| 3:47 | Build | House |
| 3:52 | Build | Mining Camp |
| 4:07 | Create | Villager (Male) |
| 4:07 | Create | Villager (Male) |
| 5:02 | Age | Feudal Age |
| 5:07 | Create | Villager (Male) |
| 5:19 | Build | Blacksmith |
| 5:35 | Research | Wheelbarrow |
| 6:17 | Build | Barracks |
| 6:42 | Build | Farm |
| 6:43 | Build | Farm |
| 6:45 | Build | Farm |
| 6:46 | Build | Farm |
| 6:47 | Build | Farm |
| 6:48 | Build | Farm |
| 7:32 | Build | Palisade Wall |
| 7:45 | Create | Villager (Male) |
| 7:45 | Create | Villager (Male) |
| 7:58 | Build | Farm |
| 7:59 | Create | Villager (Male) |
| 8:00 | Create | Villager (Male) |
| 8:06 | Research | Double-Bit Axe |
| 8:09 | Research | Horse Collar |
| 8:15 | Build | Farm |
| 8:44 | Build | Farm |
| 9:37 | Build | Stable |
| 10:02 | Build | Archery Range |
| 10:45 | Build | Palisade Wall |
| 10:56 | Create | Villager (Male) |
| 10:59 | Research | Castle Age |
| 11:24 | Build | Farm |
| 12:06 | Build | Archery Range |
| 12:16 | Create | Villager (Male) |
| 12:17 | Create | Villager (Male) |
| 12:25 | Age | Castle Age |
| 12:37 | Build | Town Center |
| 12:50 | Research | Hand Cart |
| 13:06 | Build | Monastery |
| 13:29 | Build | University |
| 13:33 | Create | Monk |
| 13:33 | Create | Monk |
| 14:05 | Build | Farm |
| 14:14 | Build | Farm |
| 14:24 | Research | Chemistry |
| 14:27 | Research | Ballistics |
| 14:38 | Research | Forging |
| 14:40 | Research | Fletching |
| 14:40 | Research | Padded Archer Armor |
| 14:48 | Research | Elite Skirmisher (upgrade) |
| 14:50 | Research | Crossbowman (upgrade) |
| 14:56 | Research | Squires |
| 14:56 | Research | Arson |
| 14:58 | Research | Pikeman (upgrade) |
| 15:39 | Create | Skirmisher |
| 15:39 | Create | Skirmisher |
| 15:40 | Create | Skirmisher |
| 15:40 | Create | Skirmisher |
| 15:40 | Create | Skirmisher |
| 15:41 | Create | Skirmisher |
| 15:41 | Create | Skirmisher |
| 15:42 | Create | Skirmisher |
| 15:42 | Create | Skirmisher |
| 15:42 | Create | Skirmisher |
| 15:43 | Create | Skirmisher |
| 15:43 | Create | Skirmisher |
| 15:43 | Create | Skirmisher |
| 15:45 | Create | Skirmisher |
| 15:45 | Create | Skirmisher |
| 15:45 | Create | Skirmisher |
| 15:54 | Research | Imperial Age |
| 15:55 | Create | Villager (Male) |
| 15:56 | Create | Villager (Male) |
| 15:56 | Create | Villager (Male) |
| 16:06 | Create | Villager (Male) |
| 16:07 | Create | Villager (Male) |
| 16:07 | Create | Villager (Male) |
| 16:07 | Create | Villager (Male) |
| 16:08 | Create | Villager (Male) |
| 16:20 | Create | Spearman |
| 16:20 | Create | Spearman |
| 16:21 | Create | Spearman |
| 16:21 | Create | Spearman |
| 16:21 | Create | Spearman |
| 16:22 | Create | Spearman |
| 16:22 | Create | Spearman |
| 17:03 | Build | Castle |
| 17:10 | Age | Imperial Age |
| 17:19 | Build | Mining Camp |
| 17:25 | Create | Villager (Male) |
| 17:26 | Create | Villager (Male) |
| 17:35 | Create | Villager (Male) |
| 17:35 | Create | Villager (Male) |
| 17:53 | Build | House |
| 17:55 | Build | House |
| 17:56 | Build | House |
| 18:14 | Build | House |
| 18:15 | Build | House |
| 18:17 | Build | House |
| 18:54 | Build | Siege Workshop |
| 18:57 | Build | Siege Workshop |
| 19:12 | Build | Barracks |
| 19:16 | Build | Barracks |
| 19:18 | Build | Barracks |
| 19:22 | Build | Barracks |
| 19:25 | Build | Barracks |
| 19:42 | Build | Archery Range |
| 19:44 | Build | Archery Range |
| 19:46 | Build | Archery Range |
| 19:49 | Build | Archery Range |
| 20:38 | Create | Trebuchet (Packed) |
| 20:38 | Create | Trebuchet (Packed) |
| 20:49 | Research | Bow Saw |
| 20:55 | Create | Villager (Male) |
| 20:55 | Create | Villager (Male) |
| 20:56 | Create | Villager (Male) |
| 21:01 | Create | Villager (Male) |
| 21:21 | Build | Lumber Camp |
| 21:33 | Build | Mining Camp |
| 22:22 | Build | Archery Range |
| 22:25 | Build | Archery Range |
| 22:55 | Research | Houfnice (upgrade) |
| 23:01 | Create | Bombard Cannon |
| 23:01 | Create | Bombard Cannon |
| 23:02 | Create | Bombard Cannon |
| 23:02 | Create | Bombard Cannon |
| 23:04 | Create | Bombard Cannon |
| 23:04 | Create | Bombard Cannon |
| 23:24 | Build | Lumber Camp |
| 23:51 | Create | Villager (Male) |
| 23:51 | Create | Villager (Male) |
| 23:52 | Create | Villager (Male) |
| 23:56 | Create | Villager (Male) |
| 24:07 | Research | Halberdier (upgrade) |
| 25:13 | Research | Onager (upgrade) |
| 25:24 | Research | Elite Hussite Wagon (upgrade) |
Match timeline
| 1:22 | OrangeBark26646 · tribute_sent a jugador 1 |
| 1:22 | OrangeBark26646 · tribute_sent a jugador 2 |
| 1:22 | OrangeBark26646 · tribute_sent a jugador 3 |
| 1:22 | OrangeBark26646 · tribute_sent a jugador 4 |
| 1:22 | OrangeBark26646 · tribute_sent a jugador 5 |
| 1:22 | OrangeBark26646 · tribute_sent a jugador 7 |
| 1:45 | Rafo · first_building Barracks |
| 2:15 | heisenburguer_EM · age_up feudal |
| 2:16 | Alucard · age_up feudal |
| 3:19 | Rafo · age_up feudal |
| 3:55 | Alucard · first_building Barracks |
| 4:24 | OrangeBark26646 · wall_segment Palisade Wall x12 |
| 5:02 | La Comunidad Del Anillo · age_up feudal |
| 5:02 | Alucard · wall_segment Stone Wall x7 |
| 5:05 | Alucard · age_up castle |
| 5:08 | OrangeBark26646 · tribute_sent a jugador 1 |
| 5:08 | OrangeBark26646 · tribute_sent a jugador 2 |
| 5:08 | OrangeBark26646 · tribute_sent a jugador 3 |
| 5:08 | OrangeBark26646 · tribute_sent a jugador 4 |
| 5:08 | OrangeBark26646 · tribute_sent a jugador 5 |
| 5:08 | OrangeBark26646 · tribute_sent a jugador 7 |
| 5:41 | Alucard · wall_segment Stone Wall x8 |
| 5:46 | OrangeBark26646 · wall_segment Stone Wall x8 |
| 6:02 | heisenburguer_EM · first_building Barracks |
| 6:16 | Drake Bell · age_up feudal |
| 6:17 | La Comunidad Del Anillo · first_building Barracks |
| 6:21 | Alucard · wall_segment Stone Wall x7 |
| 6:38 | Alucard · first_building Castle |
| 7:11 | Montymatador · age_up feudal |
| 7:32 | OrangeBark26646 · wall_segment Stone Wall x1 |
| 7:32 | La Comunidad Del Anillo · wall_segment Palisade Wall x11 |
| 7:35 | OrangeBark26646 · wall_segment Stone Wall x10 |
| 7:59 | Alucard · wall_segment Stone Wall x8 |
| 8:16 | Alucard · wall_segment Stone Wall x8 |
| 8:21 | Alucard · wall_segment Palisade Wall x10 |
| 8:23 | Alucard · wall_segment Palisade Wall x6 |
| 8:34 | OrangeBark26646 · first_building Barracks |
| 8:35 | Rafo · first_building Stable |
| 9:04 | Alucard · first_market_buy 100 stone |
| 9:22 | OrangeBark26646 · wall_segment Stone Wall x16 |
| 9:34 | Rafo · first_building Archery Range |
| 9:36 | Alucard · first_building Monastery |
| 9:37 | La Comunidad Del Anillo · first_building Stable |
| 9:55 | heisenburguer_EM · first_building Archery Range |
| 10:02 | La Comunidad Del Anillo · first_building Archery Range |
| 10:27 | Drake Bell · first_building Barracks |
| 10:31 | OrangeBark26646 · first_building Stable |
| 10:45 | La Comunidad Del Anillo · wall_segment Palisade Wall x2 |
| 10:50 | OrangeBark26646 · wall_segment Stone Wall x11 |
| 10:54 | Drake Bell · age_up castle |
| 11:42 | Alucard · first_market_sell 100 wood |
| 11:44 | Rafo · age_up castle |
| 12:15 | Rafo · first_building Monastery |
| 12:25 | La Comunidad Del Anillo · age_up castle |
| 13:06 | La Comunidad Del Anillo · first_building Monastery |
| 13:08 | heisenburguer_EM · age_up castle |
| 13:35 | Drake Bell · wall_segment Stone Wall x1 |
| 13:39 | Drake Bell · wall_segment Stone Wall x1 |
| 13:43 | Drake Bell · wall_segment Stone Wall x1 |
| 13:46 | Drake Bell · wall_segment Stone Wall x1 |
| 14:21 | Alucard · wall_segment Stone Wall x10 |
| 14:30 | Alucard · wall_segment Palisade Wall x10 |
| 14:31 | Drake Bell · wall_segment Stone Wall x2 |
| 14:40 | Drake Bell · wall_segment Stone Wall x3 |
| 14:47 | Drake Bell · wall_segment Stone Wall x4 |
| 15:03 | heisenburguer_EM · first_building Monastery |
| 15:03 | Rafo · first_building Castle |
| 15:24 | OrangeBark26646 · tribute_sent a jugador 1 |
| 15:24 | OrangeBark26646 · tribute_sent a jugador 2 |
| 15:24 | OrangeBark26646 · tribute_sent a jugador 3 |
| 15:24 | OrangeBark26646 · tribute_sent a jugador 4 |
| 15:24 | OrangeBark26646 · tribute_sent a jugador 5 |
| 15:24 | OrangeBark26646 · tribute_sent a jugador 7 |
| 16:11 | OrangeBark26646 · first_building Castle |
| 16:59 | Drake Bell · wall_segment Stone Wall x8 |
| 17:03 | La Comunidad Del Anillo · first_building Castle |
| 17:09 | Alucard · first_building Siege Workshop |
| 17:10 | La Comunidad Del Anillo · age_up imperial |
| 17:34 | heisenburguer_EM · first_building Castle |
| 18:05 | heisenburguer_EM · age_up imperial |
| 18:23 | Drake Bell · first_building Monastery |
| 18:32 | Montymatador · first_building Barracks |
| 18:54 | La Comunidad Del Anillo · first_building Siege Workshop |
| 19:24 | Montymatador · age_up castle |
| 20:56 | Alucard · wall_segment Palisade Wall x19 |
| 20:59 | Alucard · wall_segment Palisade Wall x1 |
| 21:02 | Alucard · wall_segment Palisade Wall x2 |
| 21:04 | Alucard · wall_segment Palisade Wall x1 |
| 21:10 | Alucard · wall_segment Palisade Wall x9 |
| 21:19 | Rafo · age_up imperial |
| 22:59 | OrangeBark26646 · first_building Siege Workshop |
| 23:48 | OrangeBark26646 · first_building Monastery |
| 23:57 | Alucard · age_up imperial |
| 24:18 | Montymatador · first_building Castle |
| 25:25 | OrangeBark26646 · tribute_sent a jugador 1 |
| 25:25 | OrangeBark26646 · tribute_sent a jugador 2 |
| 25:25 | OrangeBark26646 · tribute_sent a jugador 3 |
| 25:25 | OrangeBark26646 · tribute_sent a jugador 4 |
| 25:25 | OrangeBark26646 · tribute_sent a jugador 5 |
| 25:25 | OrangeBark26646 · tribute_sent a jugador 7 |
| 26:17 | OrangeBark26646 · first_building Archery Range |
| 26:18 | Rafo · wall_segment Stone Wall x45 |
| 26:32 | Drake Bell · age_up imperial |
| 26:47 | Montymatador · tribute_sent a jugador 1 |
| 26:47 | Montymatador · tribute_sent a jugador 3 |
| 26:47 | Montymatador · tribute_sent a jugador 4 |
| 26:47 | Montymatador · tribute_sent a jugador 5 |
| 26:47 | Montymatador · tribute_sent a jugador 6 |
| 26:47 | Montymatador · tribute_sent a jugador 7 |
| 27:07 | Drake Bell · tribute_sent a jugador 1 |
| 27:07 | Drake Bell · tribute_sent a jugador 2 |
| 27:07 | Drake Bell · tribute_sent a jugador 3 |
| 27:07 | Drake Bell · tribute_sent a jugador 4 |
| 27:07 | Drake Bell · tribute_sent a jugador 6 |
| 27:07 | Drake Bell · tribute_sent a jugador 7 |
| 27:37 | Montymatador · tribute_sent a jugador 1 |
| 27:37 | Montymatador · tribute_sent a jugador 3 |
| 27:37 | Montymatador · tribute_sent a jugador 4 |
| 27:37 | Montymatador · tribute_sent a jugador 5 |
| 27:37 | Montymatador · tribute_sent a jugador 6 |
| 27:37 | Montymatador · tribute_sent a jugador 7 |
| 27:55 | Drake Bell · wall_segment Stone Wall x4 |
| 28:06 | Montymatador · wall_segment Stone Wall x4 |
| 29:09 | Alucard · first_building Stable |
| 29:41 | heisenburguer_EM · first_building Siege Workshop |
| 29:44 | Rafo · wall_segment Stone Wall x19 |
| 29:46 | Rafo · wall_segment Stone Wall x3 |
| 29:47 | Rafo · wall_segment Stone Wall x2 |
| 29:55 | Rafo · wall_segment Stone Wall x5 |
| 30:29 | Drake Bell · wall_segment Stone Wall x2 |
| 30:31 | Drake Bell · wall_segment Stone Wall x2 |
| 30:33 | Drake Bell · wall_segment Stone Wall x2 |
| 30:35 | Drake Bell · wall_segment Stone Wall x3 |
| 30:41 | Drake Bell · wall_segment Stone Wall x2 |
| 30:47 | Drake Bell · wall_segment Stone Wall x3 |
| 30:50 | Drake Bell · wall_segment Stone Wall x3 |
| 30:55 | Drake Bell · wall_segment Stone Wall x4 |
| 30:58 | Drake Bell · wall_segment Stone Wall x2 |
| 31:04 | Drake Bell · wall_segment Stone Wall x2 |
| 31:07 | Drake Bell · wall_segment Stone Wall x5 |
| 31:16 | Montymatador · age_up imperial |
| 31:26 | Montymatador · first_building Siege Workshop |
| 31:56 | Montymatador · first_market_buy 100 wood |
| 32:15 | OrangeBark26646 · first_market_sell 100 wood |
| 32:51 | Alucard · wall_segment Stone Wall x7 |
| 32:53 | Alucard · wall_segment Stone Wall x4 |
| 33:25 | Drake Bell · tribute_sent a jugador 1 |
| 33:25 | Drake Bell · tribute_sent a jugador 2 |
| 33:25 | Drake Bell · tribute_sent a jugador 3 |
| 33:25 | Drake Bell · tribute_sent a jugador 4 |
| 33:25 | Drake Bell · tribute_sent a jugador 6 |
| 33:25 | Drake Bell · tribute_sent a jugador 7 |
| 33:33 | Rafo · first_building Siege Workshop |
| 34:53 | heisenburguer_EM · first_building Stable |
| 35:34 | Montymatador · wall_segment Stone Wall x4 |
| 37:15 | heisenburguer_EM · wall_segment Stone Wall x42 |
| 39:04 | heisenburguer_EM · wall_segment Stone Wall x10 |
| 39:36 | heisenburguer_EM · wall_segment Stone Wall x42 |
| 40:45 | Drake Bell · first_building Castle |
| 40:53 | OrangeBark26646 · resign |
| 41:25 | Drake Bell · first_building Archery Range |
| 42:10 | Drake Bell · first_building Siege Workshop |
| 43:11 | heisenburguer_EM · wall_segment Stone Wall x3 |
| 44:10 | heisenburguer_EM · wall_segment Stone Wall x4 |
| 44:49 | Montymatador · wall_segment Stone Wall x4 |
| 46:40 | Alucard · wall_segment Stone Wall x8 |
| 46:59 | heisenburguer_EM · first_market_sell 100 wood |
| 48:12 | Montymatador · first_building Stable |
| 48:40 | Alucard · tribute_sent a jugador 2 |
| 48:40 | Alucard · tribute_sent a jugador 3 |
| 48:40 | Alucard · tribute_sent a jugador 4 |
| 48:40 | Alucard · tribute_sent a jugador 5 |
| 48:40 | Alucard · tribute_sent a jugador 6 |
| 48:40 | Alucard · tribute_sent a jugador 7 |
| 51:24 | heisenburguer_EM · wall_segment Stone Wall x39 |
| 53:22 | heisenburguer_EM · wall_segment Stone Wall x13 |
| 53:43 | La Comunidad Del Anillo · wall_segment Stone Wall x11 |
| 53:49 | heisenburguer_EM · wall_segment Stone Wall x21 |
| 54:29 | heisenburguer_EM · first_market_buy 100 stone |
| 55:07 | heisenburguer_EM · wall_segment Stone Wall x24 |
| 56:07 | La Comunidad Del Anillo · wall_segment Stone Wall x11 |
| 59:00 | Montymatador · wall_segment Stone Wall x20 |
| 60:40 | Montymatador · first_market_sell 500 wood |
| 62:30 | Alucard · first_building Archery Range |
| 62:39 | Alucard · wall_segment Stone Wall x9 |
| 62:47 | Alucard · wall_segment Stone Wall x2 |
| 62:49 | Alucard · wall_segment Stone Wall x6 |
| 67:11 | Alucard · wall_segment Stone Wall x13 |
| 67:12 | Alucard · wall_segment Stone Wall x6 |
| 67:16 | Alucard · wall_segment Stone Wall x10 |
| 69:33 | Montymatador · wall_segment Stone Wall x3 |
| 69:39 | Montymatador · wall_segment Stone Wall x4 |
| 69:56 | Montymatador · wall_segment Stone Wall x2 |
| 70:21 | La Comunidad Del Anillo · wall_segment Stone Wall x9 |
| 70:37 | Montymatador · wall_segment Stone Wall x3 |
| 70:45 | Montymatador · wall_segment Stone Wall x4 |
| 70:50 | Drake Bell · wall_segment Stone Wall x6 |
| 72:14 | Alucard · wall_segment Stone Wall x14 |
| 72:17 | Alucard · wall_segment Stone Wall x17 |
| 72:20 | Alucard · wall_segment Stone Wall x11 |
| 72:25 | Alucard · wall_segment Stone Wall x9 |
| 76:08 | Montymatador · wall_segment Stone Wall x9 |
| 76:11 | Montymatador · wall_segment Stone Wall x15 |
| 79:32 | Alucard · wall_segment Stone Wall x14 |
| 79:37 | Alucard · wall_segment Stone Wall x29 |
| 82:17 | Alucard · wall_segment Stone Wall x10 |
| 88:04 | Alucard · wall_segment Stone Wall x7 |
| 88:06 | Alucard · wall_segment Stone Wall x4 |
| 88:07 | Alucard · wall_segment Stone Wall x2 |
| 88:17 | Alucard · wall_segment Stone Wall x25 |
| 91:54 | Alucard · tribute_sent a jugador 2 |
| 91:54 | Alucard · tribute_sent a jugador 3 |
| 91:54 | Alucard · tribute_sent a jugador 4 |
| 91:55 | Alucard · tribute_sent a jugador 5 |
| 91:55 | Alucard · tribute_sent a jugador 6 |
| 91:55 | Alucard · tribute_sent a jugador 7 |
[ AI ANALYSIS · 1 CREDIT ]
What really happened in this match?
Wolo.gg analyzes every decision: build order, eco, micro, common mistakes by bracket. Personalized analysis on WhatsApp or Discord in 30 seconds.
Civ guide
Franks
Perfil
Drake Bell